 Dungeon Crawl Stone Soup version 0.27-a0-67-g4bfc8a49e1 (webtiles) character file.

Game seed: 15103591630324480428

446 Borgoz the Cudgeller (level 7, 43/43 HPs)
             Began as a Gargoyle Gladiator on Jan 9, 2021.
             Was an Initiate of Makhleb.
             Quit the game in the Ecumenical Temple.
             The game lasted 00:03:03 (2754 turns).

Borgoz the Cudgeller (Gargoyle Gladiator)           Turns: 2754, Time: 00:03:04

Health: 43/43      AC: 13    Str: 18    XL:     7   Next: 3%
Magic:  7/7        EV: 11    Int:  8    God:    Makhleb [......]
Gold:   218        SH:  0    Dex: 13    Spells: 6/6 levels left

rFire    . . .     SeeInvis .   a - +1 flail
rCold    . . .     Faith    .   (no shield)
rNeg     + . .     Spirit   .   o - +0 scale mail
rPois    ∞         Reflect  .   c - +0 helmet
rElec    +         Harm     .   (no cloak)
rCorr    .         Rampage  .   f - +0 pair of gloves
Will     .....                  (no boots)
Stlth    ..........             k - amulet of regeneration
HPRegen  0.54/turn              (no ring)
MPRegen  0.10/turn              (no ring)

@: no status effects
A: negative energy resistance 1, electricity resistance, unbreathing,
petrification resistance, miasma immunity, AC +4
a: Renounce Religion


You were in the Ecumenical Temple.
You worshipped Makhleb.
Makhleb was noncommittal.
You visited 2 branches of the dungeon, and saw 5 of its levels.

You collected 218 gold pieces.

Inventory:

Hand Weapons
 a - a +1 flail (weapon)
Missiles
 d - 3 throwing nets (quivered)
Armour
 c - a +0 helmet (worn)
 f - a +0 pair of gloves (worn)
 o - a +0 scale mail (worn)
Jewellery
 k - an amulet of regeneration (around neck)
Wands
 r - a wand of flame (18)
Scrolls
 e - 2 scrolls of remove curse {unknown}
 g - 3 scrolls of immolation {unknown}
 h - 2 scrolls of teleportation
 m - a scroll of fear {unknown}
 p - a scroll of enchant armour {unknown}
 t - a scroll of noise {unknown}
 w - 4 scrolls of identify {unknown}
Potions
 b - 2 potions of flight {unknown}
 i - a potion of mutation {unknown}
 j - a potion of brilliance {unknown}
 l - a potion of ambrosia {unknown}
 n - a potion of might {unknown}
 q - a potion of heal wounds
 s - 2 potions of curing {unknown}
 u - a potion of lignification {unknown}
 v - a potion of attraction {unknown}


   Skills:
 + Level 4.0 Fighting
 * Level 5.3 Maces & Flails
 - Level 1.7 Throwing
 + Level 3.1 Armour
 + Level 3.5 Dodging


You had 6 spell levels left.
You didn't know any spells.
Your spell library was empty.

Dungeon Overview and Level Annotations

Branches:
Dungeon (4/15)             Temple (1/1) D:4

Altars:
Cheibriados
Dithmenos
Elyvilon
Fedhas
Gozag
Hepliaklqana
Kikubaaqudgha
Makhleb
Nemelex Xobeh
Okawaru
Qazlal
Ru
Trog
Uskayaw
Wu Jian
Yredelemnul
Zin
The Shining One


Innate Abilities, Weirdness & Mutations

You are resistant to torment.
Your stone body is resilient. (AC +4)
You are immune to poison.
You resist negative energy. (rN+)
You are resistant to electric shocks. (rElec)
You can survive without breathing.
You are immune to petrification.
You are immune to miasma.


Message History

There is a staircase back to the Dungeon here.
HP restored.
There is a fountain of sparkling water here.
There is a fountain of sparkling water here.
There is a staircase back to the Dungeon here.
There is a fountain of sparkling water here.
Found a hide-covered altar of Uskayaw and an iron altar of Okawaru.
Found three altars.
Found three altars.
Found a glowing silver altar of Zin and a sparkling altar of Nemelex Xobeh.
Found a sacrificial altar of Ru and a hazy altar of Hepliaklqana.
Found a snail-covered altar of Cheibriados.
Found a white marble altar of Elyvilon.
Found a shadowy altar of Dithmenos.
Found a glowing golden altar of the Shining One.
There is an iron altar of Okawaru here.
There is a burning altar of Makhleb here.
You kneel at the altar of Makhleb.
Makhleb welcomes you!
Are you sure you want to abandon this character and quit the game? (Confirm with "yes".)

≈≈≈≈≈≈≈≈...≈≈≈≈≈≈≈≈.≈≈≈≈≈≈≈≈≈≈≈
≈≈≈≈≈≈≈.≈≈≈.......≈≈.≈≈≈≈≈≈≈≈≈≈
≈≈≈≈≈≈≈.≈#≈≈≈≈≈≈≈≈.≈≈.≈≈≈≈≈≈≈≈≈
≈≈≈≈≈≈≈.≈≈≈......≈.≈≈.≈≈≈≈≈≈≈≈≈
≈≈≈≈≈≈≈≈...≈≈≈...≈≈..≈≈≈≈≈≈≈≈≈
≈≈≈≈≈≈≈≈≈≈≈≈≈.....≈≈≈≈≈≈≈≈≈≈≈
≈≈≈≈≈≈≈≈......_._......≈≈≈≈≈≈
≈≈≈≈≈≈≈..._._....._._...≈≈≈≈≈
≈≈≈≈≈≈≈._....._.@....._.≈≈≈≈≈
≈≈≈≈≈≈≈..._._....._._...≈≈≈≈≈
≈≈≈≈≈≈≈≈......_._......≈≈≈≈≈≈
≈≈≈≈≈≈≈≈≈≈≈≈.....≈≈≈≈≈≈≈≈≈≈
≈≈≈≈≈≈≈≈≈≈≈≈≈≈≈≈
≈≈≈≈≈≈≈≈≈≈≈≈≈≈≈ ≈≈≈≈≈≈≈≈≈≈≈≈≈≈≈
≈≈≈≈≈≈≈≈≈≈≈≈≈≈≈


There were no monsters in sight!

Vanquished Creatures
  2 ogres (D:4)
  An orc wizard (D:4)
  An iguana (D:4)
  A worker ant (D:4)
  A hound skeleton (D:4)
  A howler monkey skeleton (D:4)
  9 adders
  A white imp (D:4)
  An adder skeleton (D:4)
  2 dart slugs
  2 leopard geckos (D:1)
  4 orcs (D:4)
  7 giant cockroaches
  7 goblins
  5 hobgoblins
  6 jackals
  2 quokkas
  A ball python (D:1)
  9 bats
  4 frilled lizards
  A jackal skeleton (D:4)
  7 kobolds
  10 rats
85 creatures vanquished.

Notes
Turn   | Place    | Note
-------+----------+-------------------------------------------
     0 | D:1      | Borgoz the Gargoyle Gladiator began the quest for the Orb.
     0 | D:1      | Reached XP level 1. HP: 12/12 MP: 1/1
   201 | D:1      | Reached XP level 2. HP: 18/18 MP: 2/2
   492 | D:1      | Reached skill level 1 in Armour
   694 | D:1      | Reached XP level 3. HP: 22/22 MP: 3/3
   850 | D:2      | Found an opulent altar of Gozag.
  1034 | D:2      | Found a faded altar of an unknown god.
  1130 | D:2      | Reached XP level 4. HP: 26/27 MP: 4/4
  1530 | D:3      | Reached skill level 4 in Maces & Flails
  1964 | D:3      | Found an ornate altar of the Wu Jian Council.
  2153 | D:4      | Noticed an ogre
  2159 | D:4      | Reached XP level 5. HP: 32/32 MP: 5/5
  2161 | D:4      | Killed an ogre
  2232 | D:4      | Reached XP level 6. HP: 37/37 MP: 6/6
  2316 | D:4      | Reached skill level 5 in Maces & Flails
  2633 | D:4      | Found a staircase to the Ecumenical Temple.
  2646 | D:4      | Reached XP level 7. HP: 36/43 MP: 7/7
  2656 | Temple   | Entered the Ecumenical Temple
  2753 | Temple   | Became a worshipper of Makhleb the Destroyer
  2754 | Temple   | Quit the game

Illustrated notes

Levels and vault maps discovered:
D:1:      dpeg_arrival_connections, layout_basic
D:2:      layout_basic, lemuel_doored_altar, chequers_ecumenical_altar_simple,
          minmay_randomly_rotated_circles
D:3:      layout_loops_ring, nzn_wu_jian_council_hall
D:4:      layout_rooms, minmay_temple_entry_butterflies
Temple:   minmay_temple_bridge_d

Skill      XL: |  1  2  3  4  5  6 |
---------------+-------------------+-----
Armour         | 1 2 3 |  3.1
Maces & Flails | 4 5 |  5.3
Fighting       | 3 4 |  4.0
Dodging        | 3 |  3.5
Throwing       | |  1.7

Action                   |  1- 3 |  4- 6 |  7- 9 || total
-------------------------+-------+-------+-------++-------
Melee: Flail             |   129 |   186 |     6 ||   321
  Use: Scroll            |       |     2 |       ||     2
       Potion            |       |     1 |       ||     1
Armor: Ring mail         |    80 |     5 |       ||    85
       Leather armour    |     5 |       |       ||     5
       Scale mail        |       |   125 |     3 ||   128
Dodge: Dodged            |   121 |   145 |     5 ||   271

Table legend: (Time is in decaauts)
 A = Elapsed time spent in this place.
 B = Non-inter-level travel time spent in this place.
 C = Inter-level travel time spent in this place.
 D = Time resting spent in this place.
 E = Time spent auto-exploring this place.
 F = Levels seen in this place.
 G = Mean time per level.
                   A        B        C        D        E       F      G
               +--------+--------+--------+--------+--------+-----+--------+
         Total |   2815 |   2749 |     66 |     62 |   1995 |   5 |  563.0 |
       Dungeon |   2718 |   2664 |     54 |     62 |   1911 |   4 |  679.5 |
        Temple |     97 |     85 |     12 |      0 |     84 |   1 |   97.0 |
               +--------+--------+--------+--------+--------+-----+--------+

Top non-repeatable levels by time:
     D:1: 810 daAuts
     D:2: 748 daAuts
     D:3: 632 daAuts
     D:4: 526 daAuts
  Temple: 97 daAuts
